 Dungeon Crawl Stone Soup version 0.25-a0-404-gc1b5a34292 (webtiles) character file.

Game seed: 5519499900150625427, levelgen mode: deterministic

147 MrRokkomies the Skirmisher (level 5, -2/55 HPs)
             Began as an Ogre Hunter on Jan 10, 2020.
             Slain by an orc wizard
             ... wielding a +0 dagger
              (3 damage)
             ... on level 2 of the Dungeon.
             The game lasted 00:06:20 (2981 turns).

MrRokkomies the Skirmisher (Ogre Hunter)            Turns: 2981, Time: 00:06:20

Health: -2/55      AC:  4    Str: 16    XL:     5   Next: 29%
Magic:  5/5        EV: 10    Int:  9    God:
Gold:   131        SH:  0    Dex: 10    Spells: 4/4 levels left

rFire    . . .     SeeInvis .   a - +1 mace
rCold    . . .     Gourm    .   (no shield)
rNeg     . . .     Faith    .   b - +1 robe
rPois    .         Spirit   .   (helmet restricted)
rElec    .         Reflect  .   (no cloak)
rCorr    .         Harm     .   (gloves unavailable)
MR       .....                  (boots unavailable)
Stlth    +.........             (no amulet)
HPRegen  0.18/turn              k - -3 ring of intelligence
MPRegen  0.09/turn              (no ring)

@: no status effects
A: large, unfitting armour, tough skin 1
a: no special abilities


You were on level 2 of the Dungeon.
You were hungry.

You visited 1 branch of the dungeon, and saw 3 of its levels.

You collected 131 gold pieces.

Inventory:

Hand Weapons
 a - a +1 mace (weapon)
Missiles
 h - 88 stones (quivered)
Armour
 b - a +1 robe (worn)
Jewellery
 k - a -3 ring of intelligence (left hand)
Scrolls
 j - a scroll of enchant weapon
Comestibles
 f - 2 rations


   Skills:
 * Level 4.7 Fighting
 * Level 1.7 Maces & Flails
 + Level 4.6 Throwing
 + Level 2.5 Dodging
 - Level 0.6 Stealth


You had 4 spell levels left.
You didn't know any spells.
Your spell library was empty.

Dungeon Overview and Level Annotations

Branches:
Dungeon (3/15)

Altars:
Cheibriados


Innate Abilities, Weirdness & Mutations

You are too large for most types of armour.
You have tough skin. (AC +1)


Message History

Fire/throw which item? (* to show all) (? for menu, Esc to quit)
Okay, then.
Unknown command.
You miss something. Something hits you.
* * * LOW HITPOINT WARNING * * *
Something hits you but does no damage.
You barely miss something. Something hits you but does no damage.
You hit something. Something hits you but does no damage.
You closely miss something.
Something hits you but does no damage. x2
You closely miss something. Something hits you.
* * * LOW HITPOINT WARNING * * *
You miss something. Something hits you but does no damage.
You barely miss something. Something hits you.
* * * LOW HITPOINT WARNING * * *
You hit something but do no damage. Something hits you but does no damage.
Something hits you.
* * * LOW HITPOINT WARNING * * *
You closely miss something. Something hits you but does no damage.
You miss something. Something hits you.
You die...

##########
#########.......##
#@..............##
##{..............##
#..................
#>.................
#.).........#######
#..(........### #
#.............#
##.............#
#......(.......#


There were no monsters in sight!

Vanquished Creatures
  An orc priest (D:2)
  Terence (D:2)
  4 adders (D:2)
  An ooze (D:2)
  2 worms (D:2)
  A dart slug (D:2)
  A leopard gecko (D:1)
  An orc (D:2)
  A giant cockroach (D:2)
  8 hobgoblins
  2 jackals (D:2)
  2 quokkas (D:2)
  A ball python (D:2)
  6 bats
  3 frilled lizards
  5 goblins
  2 kobolds (D:1)
  4 rats
46 creatures vanquished.

Notes
Turn   | Place    | Note
-------+----------+-------------------------------------------
     0 | D:1      | MrRokkomies the Ogre Hunter began the quest for the Orb.
     0 | D:1      | Reached XP level 1. HP: 22/22 MP: 1/1
   365 | D:1      | Reached XP level 2. HP: 19/31 MP: 2/2
  1236 | D:2      | Reached XP level 3. HP: 10/37 MP: 3/3
  1623 | D:2      | Found a snail-covered altar of Cheibriados.
  1686 | D:2      | Found a faded altar of an unknown god.
  1864 | D:2      | Reached XP level 4. HP: 18/48 MP: 4/4
  2159 | D:2      | Reached skill level 1 in Maces & Flails
  2199 | D:2      | Noticed Terence
  2237 | D:2      | Killed Terence
  2630 | D:2      | Reached XP level 5. HP: 54/55 MP: 5/5
  2979 | D:2      | HP: 1/55 [something (2)]
  2981 | D:2      | Slain by an orc wizard

Levels and vault maps discovered:
D:1:      lightli_arrival_farm, layout_basic, interstate_on_off
D:2:      layout_basic, cheibriados_altar_1, chequers_ecumenical_altar_simple,
          uniq_terence
D:3:      layout_rooms, hellmonk_ghost_happy_afterlife

Skill      XL: |  1  2  3  4 |
---------------+-------------+-----
Fighting       | 3 4 |  4.7
Dodging        | 2 |  2.5
Maces & Flails | 1 |  1.7
Throwing       | |  4.6
Stealth        | |  0.6

Action                   |  1- 3 |  4- 6 || total
-------------------------+-------+-------++-------
Melee: Mace              |   119 |    73 ||   192
       Short sword       |     1 |       ||     1
Throw: Stone             |     4 |       ||     4
       Large rock        |       |    10 ||    10
       Throwing net      |       |     2 ||     2
  Use: Scroll            |     2 |     4 ||     6
       Potion            |     1 |       ||     1
  Eat: Chunk             |     3 |     3 ||     6
Armor: Robe              |    34 |    30 ||    64
       Skin              |     9 |       ||     9
Dodge: Dodged            |    76 |    56 ||   132

Table legend:
 A = Non-vault XP
 B = Vault XP
 C = Vault XP percentage of total XP
 D = Non-vault monster count
 E = Vault monster count
 F = Vault count percentage of total count
                 A         B        C        D         E       F
            +---------+---------+-------+---------+---------+-------
      Total |     175 |      36 |  17.1 |      45 |       1 |   2.2
            +---------+---------+-------+---------+---------+-------
        D:1 |      25 |       0 |   0.0 |      17 |       0 |   0.0
        D:2 |     150 |      36 |  19.4 |      28 |       1 |   3.4
            +---------+---------+-------+---------+---------+-------
